 Dungeon Crawl Stone Soup version 0.19-a0-1035-gdbfb0c6 (webtiles) character file.

35 mistymad the Skirmisher (level 3, -8/30 HPs)
             Began as a Formicid Abyssal Knight on July 29, 2016.
             Was a Follower of Lugonu.
             Mangled by a gnoll
             ... wielding a +0 halberd
              (11 damage)
             ... on level 1 of the Dungeon.
             The game lasted 00:01:46 (754 turns).

mistymad the Skirmisher (Formicid Abyssal Knight)    Turns: 754, Time: 00:01:47

Health: -8/30      AC:  4    Str: 17    XL:     3   Next: 52%
Magic:  4/4        EV: 11    Int: 11    God:    Lugonu [*.....]
Gold:   25         SH:  0    Dex: 10    Spells: 0 memorised, 2 levels left

rFire  . . .     SeeInvis +     a - +1 hand axe
rCold  . . .     Gourm    .     b - +0 leather armour
rNeg   . . .     Faith    .     (no shield)
rPois  .         Spirit   .     (helmet unavailable)
rElec  .         Dismiss  .     (no cloak)
rCorr  .         Reflect  .     (no gloves)
SustAt +         Harm     .     f - +0 pair of boots
MR     .....                    (no amulet)
Stlth  +.........               (no ring)
                                h - ring of sustain attributes

@: not resistant to hostile enchantments, very unstealthy
A: permanent stasis, dig shafts and tunnels, four strong arms, antennae 3
a: Dig, Shaft Self, Depart the Abyss, Renounce Religion


You were on level 1 of the Dungeon.
You worshipped Lugonu.
Lugonu was aware of your devotion.
You were not hungry.

You visited 1 branch of the dungeon, and saw 2 of its levels.
You visited the Abyss 1 time.

You collected 25 gold pieces.

Inventory:

Hand Weapons
 a - a +1 hand axe (weapon)
Missiles
 g - 7 needles of confusion
Armour
 b - a +0 leather armour (worn)
 f - a +0 pair of boots (worn)
Jewellery
 h - a ring of sustain attributes (left hand)
Scrolls
 i - a scroll of teleportation {unknown}
Potions
 e - a potion of agility {unknown}
Comestibles
 c - a bread ration
 d - 2 chunks of flesh


   Skills:
 + Level 3.7 Fighting
 + Level 2.3 Axes
 + Level 2.9 Armour
 + Level 1.4 Dodging
 - Level 2.1 Invocations


You had 2 spell levels left.
You didn't know any spells.

Dungeon Overview and Level Annotations

Branches:
Dungeon (2/15)

Altars:


Innate Abilities, Weirdness & Mutations

You are under a permanent stasis effect.
You can dig through walls and to a lower floor.
Your four strong arms can wield two-handed weapons with a shield.
You have a pair of large antennae on your head. (SInv)


Message History

Found a runed copper ring.
A gnoll comes into view. It is wielding a halberd.
You see here a giant newt corpse.
There is a stone staircase leading up here.
The gnoll hits you with a halberd.
There is a stone staircase leading up here.
You take 5 damage, and have 23/30 hp.
The gnoll hits you with a halberd!
You climb upwards.
There is a stone staircase leading down, spattered with blood here.
You take 13 damage, and have 10/30 hp.
MASSIVE DAMAGE!!
You hit the gnoll.
The gnoll is lightly wounded.
The gnoll hits you with a halberd!
* * * LOW HITPOINT WARNING * * *
You take 7 damage, and have 3/30 hp.
MASSIVE DAMAGE!!
You closely miss the gnoll.
The gnoll is lightly wounded.
The gnoll hits you with a halberd!
You die...

#.# #.................
#.### #.######...#......
#.#.###.# ###########
#.....#.#
#.#.#.#.###########
#.#...............# ###
#.#.#...######..#.# #..
#.###...)...##..#.####..
#.# #.#@.......)........
#.# ###.g...............
#.#####...##.##.##......
#...............#####...
####.####..........##...
#.......#.#..##.##...
#########....##.##...
#.#.###.##...
########.#.###.##...


You could see a gnoll.

Vanquished Creatures
  A gnoll (D:1)
  2 dart slugs (D:1)
  A ball python (D:1)
  4 goblins (D:1)
  3 hobgoblins (D:1)
  3 jackals (D:2)
  2 kobolds (D:1)
  2 giant newts
  A rat (D:1)
19 creatures vanquished.

Notes
Turn   | Place    | Note
-------+----------+-------------------------------------------
     0 | Abyss:1  | mistymad the Formicid Abyssal Knight began the quest for the Orb.
     0 | Abyss:1  | Reached XP level 1. HP: 18/18 MP: 2/2
    61 | Abyss:1  | Noticed a large abomination
    63 | D:1      | Escaped the Abyss
    88 | D:1      | Reached skill level 1 in Dodging
   221 | D:1      | Reached XP level 2. HP: 21/24 MP: 3/3
   296 | D:1      | Reached * piety under Lugonu
   523 | D:1      | Reached XP level 3. HP: 27/29 MP: 4/4
   754 | D:1      | Mangled by a gnoll

Vault maps used:
D:1:      minmay_arrival_loop
D:2:      uniq_natasha, uniq_terence

Skill      XL: |  1 |
---------------+----+-----
Dodging        | 1 |  1.4
Fighting       | |  3.7
Axes           | |  2.3
Armour         | |  2.9
Invocations    | |  2.1

Action                   || total
-------------------------++-------
Melee: Hand axe          ||    72
Invok: Depart the Abyss  ||     1
Armor: Leather armour    ||    25
Dodge: Dodged            ||    39
